 Dungeon Crawl Stone Soup version 0.26-a0-651-gb41185065b (webtiles) character file.

Game seed: 12224642140514599439

184 Mesmaeker13 the Magician (level 5, 0/28 HPs)
             Began as a Deep Elf Air Elementalist on Oct 19, 2020.
             Slain by a jackal (1 damage)
             ... on level 3 of the Dungeon.
             The game lasted 00:04:10 (3534 turns).

Mesmaeker13 the Magician (DEAE)                     Turns: 3534, Time: 00:04:10

Health: 0/28       AC:  2    Str:  5    XL:     5   Next: 36%
Magic:  22/22      EV: 14    Int: 21    God:
Gold:   88         SH:  0    Dex: 15    Spells: 9/13 levels left

rFire    . . .     SeeInvis +   g - +1 dagger (freeze)
rCold    . . .     Faith    .   (no shield)
rNeg     . . .     Spirit   .   a - +0 robe
rPois    .         Reflect  .   (helmet restricted)
rElec    .         Harm     .   (no cloak)
rCorr    .         Rampage  .   (no gloves)
MR       .....                  (no boots)
Stlth    +.........             (no amulet)
HPRegen  0.09/turn              j - ring of see invisible
MPRegen  0.18/turn              l - ring of magical power

@: confused
A: antennae 1, evolution 1
a: no special abilities


You were on level 3 of the Dungeon.
You visited 1 branch of the dungeon, and saw 4 of its levels.

You collected 88 gold pieces.

Inventory:

Hand Weapons
 g - a +1 dagger of freezing (weapon)
Missiles
 o - 2 poisoned darts (quivered)
Armour
 a - a +0 robe (worn)
Jewellery
 j - a ring of see invisible (left hand)
 l - a ring of magical power (right hand)
Scrolls
 b - a scroll of blinking
 e - a scroll of enchant armour {unknown}
 f - 3 scrolls of amnesia
 h - a scroll of enchant weapon {unknown}
 k - a scroll of teleportation {unknown}
Potions
 d - 4 potions of brilliance {unknown}
 i - a potion of haste {unknown}
 m - a potion of stabbing
 n - a potion of flight


   Skills:
 + Level 3.9 Dodging
 - Level 2.4 Stealth
 + Level 4.5 Spellcasting
 + Level 3.0 Conjurations
 + Level 4.0 Air Magic


You had 9 spell levels left.
You knew the following spells:

 Your Spells              Type           Power        Failure   Level
a - Shock                 Conj/Air       ###.         2%          1
b - Static Discharge      Conj/Air       ###.....     8%          3

Your spell library contained the following spells:

 Spells                   Type           Power        Failure   Level
 Swiftness                Air            ###.....     3%          2
 Airstrike                Air            ###.......   22%         4
 Lightning Bolt           Conj/Air       ###.......   58%         5


Dungeon Overview and Level Annotations

Branches:
Dungeon (4/15)
 Temple: D:4-7

Altars:
Nemelex Xobeh
Xom


Innate Abilities, Weirdness & Mutations

You have a pair of small antennae on your head.
You evolve.


Message History

The jackal closely misses you. The dart slug launches a dart at you.
The slug dart hits you. The jackal bites you.
The orc wizard points at you and mumbles some strange words.
You are confused.
In your confused state, you trip and fall back down the stairs.
A scorpion comes into view.
The jackal bites you. The jackal barely misses you.
The jackal bites you. x2; The orc misses you.
The orc wizard hits you with a +0 dagger.
* * * LOW HITPOINT WARNING * * *
You climb upwards.
There is a stone staircase leading down here.
Unknown command.
The jackal misses you.
You're too confused to move!
The orc hits you with a +0 mace of holy wrath.
* * * LOW HITPOINT WARNING * * *
The jackal bites you.
You die...

########## #......†.#
#.######.# #.# #.# #.#
#.# #.# #.#########
#@######..........
#ohh..............
##o.........#.....
####.######.........
#....).##...........
#.##.#.##.#...#.....
#.##.#.##.#.#.#.....
#.##.#.##.......#.#.
####.##.#.#....#.......


You could see an orc wizard, an orc and 2 jackals.

Vanquished Creatures
  A centaur skeleton (D:2)
  Terence (D:2)
  5 adders
  An ooze (D:1)
  A worm (D:2)
  3 dart slugs
  4 orcs (D:3)
  2 giant cockroaches
  9 goblins
  3 hobgoblins
  A jackal (D:3)
  2 quokkas (D:2)
  2 ball pythons
  12 bats
  4 frilled lizards
  13 kobolds
  12 rats
76 creatures vanquished.

Notes
Turn   | Place    | Note
-------+----------+-------------------------------------------
     0 | D:1      | Mesmaeker13 the Deep Elf Air Elementalist began the quest
                  | for the Orb.
     0 | D:1      | Reached XP level 1. HP: 10/10 MP: 6/6
   279 | D:1      | Reached XP level 2. HP: 15/15 MP: 6/8
   909 | D:1      | Reached XP level 3. HP: 19/19 MP: 6/10
  1258 | D:2      | Learned a level 3 spell: Static Discharge
  1276 | D:2      | Found a shimmering altar of Xom.
  1373 | D:2      | Found a sparkling altar of Nemelex Xobeh.
  1677 | D:2      | Reached XP level 4. HP: 24/24 MP: 6/12
  1815 | D:2      | Noticed Terence
  1822 | D:2      | Killed Terence
  1827 | D:2      | Gained mutation: You have a pair of small antennae on your
                  | head. [potion of mutation]
  1827 | D:2      | Gained mutation: Your magical capacity is low. (-10% MP)
                  | [potion of mutation]
  1827 | D:2      | Gained mutation: You evolve. [potion of mutation]
  1996 | D:2      | Lost mutation: Your magical capacity is low. (-10% MP)
                  | [evolution]
  2660 | D:3      | Reached XP level 5. HP: 26/28 MP: 13/13
  3534 | D:3      | HP: 1/28 [orc/+0 mace of holy wrath (5)]
  3534 | D:3      | Slain by a jackal

Illustrated notes

Levels and vault maps discovered:
D:1:      onia_arrival_pyramid, layout_basic
D:2:      layout_rooms, nicolae_overflow_crystal_walls, lemuel_crystal_altar,
          uniq_terence
D:3:      layout_basic, serial_glass, glass_columns_a, glass_columns_b
D:4:      layout_cave_pools, minmay_temple_entry_ruins, serial_column_ruins,
          column_ruins_grid_3, column_ruins_grid_1,
          column_ruins_corridor_dead_end, column_ruins_open_tiny,
          column_ruins_open_large, column_ruins_grid_4

Skill      XL: |  1  2  3  4  5 |
---------------+----------------+-----
Dodging        | 3 |  3.9
Conjurations   | 2 3 |  3.0
Spellcasting   | 4 |  4.5
Air Magic      | 4 |  4.0
Stealth        | |  2.4

Action                   |  1- 3 |  4- 6 || total
-------------------------+-------+-------++-------
Melee: Dagger            |     3 |       ||     3
Throw: Dart              |       |     1 ||     1
 Cast: Shock             |   104 |    80 ||   184
       Static Discharge  |       |     6 ||     6
  Use: Scroll            |       |     4 ||     4
       Potion            |       |     2 ||     2
Armor: Robe              |     3 |     5 ||     8
Dodge: Dodged            |    16 |    13 ||    29

Table legend: (Time is in decaauts)
 A = Elapsed time spent in this place.
 B = Non-inter-level travel time spent in this place.
 C = Inter-level travel time spent in this place.
 D = Time resting spent in this place.
 E = Time spent auto-exploring this place.
 F = Levels seen in this place.
 G = Mean time per level.
                   A        B        C        D        E       F      G
               +--------+--------+--------+--------+--------+-----+--------+
         Total |   3531 |   3452 |     79 |   1080 |   1933 |   4 |  882.8 |
       Dungeon |   3531 |   3452 |     79 |   1080 |   1933 |   4 |  882.8 |
               +--------+--------+--------+--------+--------+-----+--------+

Top non-repeatable levels by time:
     D:1: 1238 daAuts
     D:2: 1151 daAuts
     D:3: 1136 daAuts
     D:4: 5 daAuts
